 Dungeon Crawl Stone Soup version 0.29-a0-315-gaf6dd05e2f (webtiles) character file.

Game seed: 18046081978612422247

475 mopl the Twirler (level 6, -10/50 HPs)
             Began as a Palentonga Gladiator on Mar 29, 2022.
             Was a Follower of Okawaru.
             Mangled by Dowan
             ... wielding a +2 dagger of electrocution
              (14 damage)
             ... on level 4 of the Dungeon.
             The game lasted 00:04:10 (4027 turns).

mopl the Twirler (Palentonga Gladiator)             Turns: 4027, Time: 00:04:10

Health: -10/50     AC:  9    Str: 19    XL:     6   Next: 84%
Magic:  5/7        EV: 11    Int:  9    God:    Okawaru [*.....]
Gold:   149        SH:  0    Dex: 11    Spells: 5/5 levels left

rFire   . . .      SeeInvis +   r - +1 war axe (venom)
rCold   . . .      Faith    .   (no shield)
rNeg    + . .      Spirit   .   y - +1 ring mail {rN+}
rPois   .          Reflect  .   c - +0 helmet
rElec   .          Harm     .   (no cloak)
rCorr   .          Rampage  .   (no gloves)
Will    .....                   (no barding)
Stlth   ++........              (no amulet)
HPRegen 0.16/turn               (no ring)
MPRegen 0.10/turn               (no ring)

@: heroic
A: large, rugged brown scales 3, see invisible, deformed body, roll 1, armoured
tail
a: Rolling Charge, Renounce Religion, Heroism


You were on level 4 of the Dungeon.
You worshipped Okawaru.
Okawaru was aware of your devotion.
You visited 1 branch of the dungeon, and saw 4 of its levels.

You collected 149 gold pieces.

Inventory:

Hand Weapons
 a - a +0 quarterstaff
 r - a +1 war axe of venom (weapon)
 w - the +6 dagger of the Wilderness {vorpal, +Blink Int+5}
   (You found it on level 3 of the Dungeon)

   It inflicts extra damage upon your enemies.
   Int:       It affects your intelligence (+5).
   +Blink:    It lets you blink.
 x - a +0 long sword of holy wrath
Missiles
 d - 3 throwing nets (quivered)
 e - a javelin
 k - 3 silver javelins
 v - 5 atropa-tipped darts
Armour
 c - a +0 helmet (worn)
 y - a +1 ring mail of positive energy (worn)
Magical Staves
 j - a staff of death
Scrolls
 h - 6 scrolls of identify {unknown}
 i - a scroll of fear {unknown}
 l - a scroll of noise {unknown}
 n - a scroll of blinking {unknown}
 o - a scroll of teleportation {unknown}
 p - a scroll of immolation {unknown}
 t - a scroll of holy word {unknown}
Potions
 b - 3 potions of curing {unknown}
 f - a potion of resistance {unknown}
 g - 2 potions of degeneration {unknown}
 m - a potion of berserk rage {unknown}
 q - a potion of heal wounds {unknown}
 s - 3 potions of brilliance {unknown}
 u - 2 potions of attraction {unknown}
 z - a potion of might {unknown}
 A - a potion of invisibility {unknown}


   Skills:
 + Level 3.2(8.2) Fighting
 * Level 4.9(9.9) Staves
 + Level 2.3(7.3) Throwing
 + Level 1.8(6.8) Armour
 + Level 3.2(8.2) Dodging
 + Level 1.7 Invocations
 + Level 1.4 Evocations


You had 5 spell levels left.
You didn't know any spells.
Your spell library contained the following spells:

 Spells                   Type           Power      Damage    Failure   Level
 Foxfire                  Conj/Fire      0%         2x1d4     54%         1
 Ensorcelled Hibernation  Hex/Ice        0%         N/A       69%         2
 Conjure Flame            Conj/Fire      0%         6-21      89%         3
 Inner Flame              Hex/Fire       0%         N/A       89%         3
 Spider Form              Tmut/Pois      0%         N/A       89%         3
 Anguish                  Hex/Necr       0%         N/A       100%        4
 Flame Wave               Conj/Fire      0%         2d4       100%        4


Dungeon Overview and Level Annotations

Branches:
Dungeon (4/15)
 Temple: D:4-7

Altars:
Okawaru
Wu Jian

Annotations:
D:3 dig
D:4 Dowan


Innate Abilities, Weirdness & Mutations

You are completely covered in rugged brown scales. (AC +3, +7% HP)
You have supernaturally acute eyesight. (SInv)
Armour fits poorly on your strangely shaped body.
You can roll at nearby foes to attack.
You have a long armoured tail.


Message History

Dowan is moderately wounded.
Dowan barely misses you.
Dowan hits you with a +2 dagger of electrocution.
* * * LOW HITPOINT WARNING * * *
You closely miss Dowan.
Dowan is moderately wounded.
Dowan gestures wildly while chanting.
Dowan blinks!
Dowan casts a spell.
Dowan blinks!
There is a stone staircase leading up here.
Dowan looks more healthy.
There is a stone staircase leading up here.
You climb upwards.
Level annotation: dig
There is a stone staircase leading down here.
You start resting.
HP restored.
You climb downwards.
Level annotation: Dowan Dowan casts a spell.
Dowan blinks!
There is a stone staircase leading up here.
You gain the combat prowess of a mighty hero.
You closely miss Dowan.
Dowan hits you with a +2 dagger of electrocution.
You are electrocuted!
Dowan gestures at you while chanting. The shard of ice hits you!
You are too injured to fight recklessly!
You slash Dowan!
Dowan is poisoned.
Your tail-slap misses Dowan.
Dowan is heavily wounded.
Dowan shakes with grief.
Dowan hits you with a +2 dagger of electrocution.
You are electrocuted!
* * * LOW HITPOINT WARNING * * *
Dowan hits you with a +2 dagger of electrocution.
* * * LOW HITPOINT WARNING * * *
You are electrocuted!
You die...

#.##### #.......#.#.##.##
# .......
.........>.#.##.# #
..#########...#.........#
#
...e......#...#....#.#..#
# ..#######.#...#....#.#
# ..#..#.......[.....#.#
# ..#.##.##.#.#........#
# ..#.....#.#.#.#e#.####
# ..#.##..#.#.#...@..# #
..#.##..#.#.#..##.##
#.####
......).#.#.#.......
#.....
.##.###.#.#.##....###
######
........#.#.#...... #
........# #.##....#### #
.....##.# #.##.......###
# .....# # #.####..#.....
# .....# #..)........# #


You could see Dowan (fast, very poisoned).

Vanquished Creatures
  A water moccasin (D:4)
  Duvessa (D:4)
  A scorpion (D:4)
  An orc priest (D:3)
  2 orc wizards (D:3)
  4 adders
  A worm (D:2)
  3 dart slugs
  14 orcs
  9 endoplasms
  3 giant cockroaches
  3 goblins
  5 hobgoblins
  3 jackals (D:1)
  2 quokkas (D:4)
  7 ball pythons
  6 bats
  5 frilled lizards
  5 kobolds
  3 rats
79 creatures vanquished.

Notes
Turn   | Place    | Note
-------+----------+-------------------------------------------
     0 | D:1      | mopl the Palentonga Gladiator began the quest for the Orb.
     0 | D:1      | Reached XP level 1. HP: 17/17 MP: 1/1
   261 | D:1      | Reached XP level 2. HP: 23/23 MP: 2/2
   759 | D:2      | Found an ornate altar of the Wu Jian Council.
   768 | D:2      | Reached XP level 3. HP: 25/28 MP: 3/3
  1174 | D:2      | Found a faded altar of an unknown god.
  1478 | D:3      | Reached skill level 1 in Armour
  1480 | D:3      | Reached XP level 4. HP: 23/36 MP: 4/4
  1767 | D:3      | Found an iron altar of Okawaru.
  1789 | D:3      | Became a worshipper of Warmaster Okawaru
  1808 | D:3      | Identified the +6 dagger of the Wilderness {vorpal, +Blink
                  | Int+5}
  1892 | D:3      | Reached skill level 2 in Throwing
  1893 | D:3      | Reached skill level 4 in Staves
  1893 | D:3      | Reached XP level 5. HP: 6/41 MP: 5/5
  2595 | D:3      | Reached skill level 3 in Dodging
  3203 | D:4      | Reached skill level 3 in Fighting
  3203 | D:4      | Reached skill level 1 in Invocations
  3213 | D:4      | Reached skill level 1 in Evocations
  3402 | D:4      | Reached XP level 6. HP: 50/50 MP: 6/6
  3419 | D:4      | Noticed a water moccasin
  3425 | D:4      | Killed a water moccasin
  3435 | D:4      | Noticed Duvessa
  3607 | D:4      | Noticed Dowan
  3609 | D:4      | Killed Duvessa
  3609 | D:4      | Reached * piety under Okawaru
  4027 | D:4      | Mangled by Dowan

Illustrated notes

Levels and vault maps discovered:
D:1:      lightli_arrival_flooded_house, layout_rooms
D:2:      layout_basic, basic_ecumenical_altar, basic_altar
D:3:      layout_basic, okawaru_gym_becter, serial_glass, glass_columns_b,
          glass_columns_a, minmay_strange_pillars, due_unseen_surprise
D:4:      layout_basic, uniq_eustachio, uniq_duvessa, uniq_menkaure

Skill      XL: |  1  2  3  4  5 |
---------------+----------------+-----
Armour         | 1 |  1.8
Throwing       | 2 |  2.3
Staves         | 4 |  4.9
Dodging        | 3 |  3.2
Fighting       | 3 |  3.2
Invocations    | 1 |  1.7
Evocations     | 1 |  1.4

Action                   |  1- 3 |  4- 6 || total
-------------------------+-------+-------++-------
Melee: Quarterstaff      |    75 |       ||    75
       Tailslap          |    12 |    11 ||    23
       War axe           |    24 |   103 ||   127
       Punch             |       |     2 ||     2
Invok: Heroism           |       |     1 ||     1
 Abil: Rolling Charge    |       |     2 ||     2
Armor: Leather armour    |    23 |       ||    23
       Ring mail         |    28 |    24 ||    52
       Chain mail        |       |    25 ||    25
Dodge: Dodged            |    68 |    51 ||   119

Table legend: (Time is in decaauts)
 A = Elapsed time spent in this place.
 B = Non-inter-level travel time spent in this place.
 C = Inter-level travel time spent in this place.
 D = Time resting spent in this place.
 E = Time spent auto-exploring this place.
 F = Levels seen in this place.
 G = Mean time per level.
                   A        B        C        D        E       F      G
               +--------+--------+--------+--------+--------+-----+--------+
         Total |   4102 |   4017 |     85 |   1549 |   1827 |   4 | 1025.5 |
       Dungeon |   4102 |   4017 |     85 |   1549 |   1827 |   4 | 1025.5 |
               +--------+--------+--------+--------+--------+-----+--------+

Top non-repeatable levels by time:
     D:3: 2101 daAuts
     D:1: 757 daAuts
     D:2: 715 daAuts
     D:4: 527 daAuts
